 Dungeon Crawl Stone Soup version 0.24.0-37-gcf1ca852f1 (webtiles) character file.

Game seed: 5332847186187883560, levelgen mode: deterministic

203 Kobolds4U the Magician (level 5, 0/28 HPs)
             Began as a Deep Elf Conjurer on Nov 25, 2019.
             Slain by an orc wizard
             ... wielding a +0 dagger
              (3 damage)
             ... on level 4 of the Dungeon.
             The game lasted 00:08:30 (3112 turns).

Kobolds4U the Magician (Deep Elf Conjurer)          Turns: 3112, Time: 00:08:30

Health: 0/28       AC:  3    Str:  6    XL:     5   Next: 51%
Magic:  11/14      EV: 12    Int: 20    God:
Gold:   184        SH:  0    Dex: 10    Spells: 1/14 levels left

rFire    . . .     SeeInvis .   a - +0 short sword
rCold    . . .     Gourm    .   (no shield)
rNeg     . . .     Faith    +   d - +0 robe
rPois    .         Spirit   .   (no helmet)
rElec    .         Reflect  .   (no cloak)
rCorr    .         Harm     .   l - +0 pair of gloves (curse)
MR       .....                  (no boots)
Stlth    ++........             o - amulet of faith
HPRegen  0.09/turn              g - -5 ring of dexterity (curse)
MPRegen  0.14/turn              (no ring)

@: very slightly contaminated
A: no striking features
a: no special abilities


You were on level 4 of the Dungeon.
You were not hungry.

You visited 1 branch of the dungeon, and saw 4 of its levels.

You collected 184 gold pieces.

Inventory:

Hand Weapons
 a - a +0 short sword (weapon)
Missiles
 n - 8 boomerangs (quivered)
 t - 5 curare-tipped darts
Armour
 d - a +0 robe (worn)
 l - a cursed +0 pair of gloves (worn)
Jewellery
 g - a cursed -5 ring of dexterity (left hand)
 o - an amulet of faith (around neck)
Scrolls
 e - 4 scrolls of teleportation {unknown}
 f - 5 scrolls of remove curse {unknown}
 h - a scroll of blinking {unknown}
 i - 2 scrolls of enchant armour {unknown}
 j - 2 scrolls of identify {unknown}
Potions
 b - a potion of curing {unknown}
 k - a potion of mutation {unknown}
 m - a potion of might {unknown}
 p - a potion of heal wounds
 q - a potion of cancellation {unknown}
 s - a potion of lignification {unknown}
Comestibles
 c - 3 rations
 r - 2 chunks of flesh


   Skills:
 - Level 2.4 Dodging
 - Level 4.3 Stealth
 + Level 5.4 Spellcasting
 - Level 4.3 Conjurations
 + Level 2.6 Summonings
 * Level 1.6 Translocations


You had one spell level left.
You knew the following spells:

 Your Spells              Type           Power        Failure   Level  Hunger
a - Magic Dart            Conj           ###.         1%          1    None
b - Searing Ray           Conj           ###...       2%          2    None
c - Conjure Flame         Conj/Fire      ##......     14%         3    ##.....
d - Dazzling Spray        Conj/Hex       ##....       14%         3    ##.....
e - Call Imp              Summ           ###.....     6%          2    None
f - Blink                 Tloc           N/A          9%          2    None

Your spell library contained the following spells:

 Spells                   Type           Power        Failure   Level  Hunger
 Slow                     Hex            #.......     17%         2    None
 Mephitic Cloud           Conj/Pois/Air  ##......     19%         3    ##.....
 Iskenderun's Mystic Bla  Conj           ###.....     19%         4    ####...
 Force Lance              Conj/Tloc      ###.....     32%         4    ####...
 Fulminant Prism          Conj/Hex       ##........   41%         4    ####...


Dungeon Overview and Level Annotations

Branches:
Dungeon (4/15)
 Temple: D:4-7

Altars:
Makhleb

Annotations:
D:4 Sigmund


Message History

The orc wizard is moderately wounded.
The orc wizard hits you with a +0 dagger.
The orc wizard misses you. The howler monkey hits you.
The orc wizard gestures at you while chanting.
The puff of flame hits you.
* * * LOW HITPOINT WARNING * * *
Casting: Searing Ray (safe; 2% risk of failure)
Confirm with . or Enter, or press ? or * to list all spells.
Okay, then.
Casting: Searing Ray (safe; 2% risk of failure)
Confirm with . or Enter, or press ? or * to list all spells.
Aiming: Dazzling Spray (safe; 14% risk of failure)
Press: ? - help, Shift-Dir - straight line, f - orc wizard
Aim: an orc wizard, wielding a +0 dagger and wearing a +2 robe of magic resistance (moderately wounded, fast)
You miscast Dazzling Spray.
You are very lightly contaminated with residual magic.
Wisps of smoke drift from your hands.
The orc wizard hits you with a +0 dagger.
You die...

#....#...........
#................#
###........#.....#
#.........#.....#
#....#(..........#
##...##.##.#.....#
##. #..<.#......
#..##..o........
#....@h..###.#
#........#
####.##..#
####.... ##.### .#
.# ..


You could see a howler monkey and an orc wizard.

Vanquished Creatures
  An orc wizard (D:3)
  4 gnolls (D:3)
  5 adders
  An adder skeleton (D:4)
  2 worms (D:3)
  4 dart slugs
  4 leopard geckos
  8 orcs (D:3)
  5 giant cockroaches
  5 goblins
  6 hobgoblins
  4 jackals
  A quokka (D:3)
  5 bats
  A frilled lizard (D:1)
  3 kobolds
  8 rats
67 creatures vanquished.

Notes
Turn   | Place    | Note
-------+----------+-------------------------------------------
     0 | D:1      | Kobolds4U the Deep Elf Conjurer began the quest for the
                  | Orb.
     0 | D:1      | Reached XP level 1. HP: 10/10 MP: 6/6
   166 | D:1      | Reached XP level 2. HP: 13/15 MP: 1/8
   170 | D:1      | Learned a level 2 spell: Searing Ray
   634 | D:2      | Reached skill level 4 in Spellcasting
   640 | D:2      | Reached XP level 3. HP: 16/19 MP: 0/10
  1053 | D:2      | Found a faded altar of an unknown god.
  1503 | D:3      | Reached XP level 4. HP: 24/24 MP: 6/12
  1508 | D:3      | Learned a level 3 spell: Conjure Flame
  1512 | D:3      | Learned a level 3 spell: Dazzling Spray
  1515 | D:3      | Learned a level 2 spell: Call Imp
  1532 | D:3      | Reached skill level 1 in Summonings
  1652 | D:3      | Found a burning altar of Makhleb.
  1692 | D:3      | Reached skill level 5 in Spellcasting
  2176 | D:3      | Reached XP level 5. HP: 28/28 MP: 9/14
  2180 | D:3      | Learned a level 2 spell: Blink
  2287 | D:3      | Reached skill level 1 in Translocations
  2849 | D:4      | Noticed Sigmund
  2885 | D:4      | Noticed an ogre
  3112 | D:4      | Slain by an orc wizard

Levels and vault maps discovered:
D:1:      dpeg_arrival_central, layout_rooms, minmay_hexomino_p4
D:2:      layout_rooms, chequers_ecumenical_altar_island, grunt_ministairs_15,
          minmay_misc_feat_ornament
D:3:      layout_rooms, lemuel_round_altar, chequers_garden
D:4:      layout_cave_pools, kennysheep_little_box,
          eat_drink_and_be_merry_uskayaw, kennysheep_mini, lemuel_doored_altar,
          serial_shops, shop, gup_sewer_entry_bubbles, first_ration,
          led_xom_imps, uniq_sigmund

Skill      XL: |  1  2  3  4  5 |
---------------+----------------+-----
Stealth        | 3 4 |  4.3
Spellcasting   | 4 5 |  5.4
Summonings     | 2 |  2.6
Translocations | 1 |  1.6
Dodging        | |  2.4
Conjurations   | |  4.3

Action                   |  1- 3 |  4- 6 || total
-------------------------+-------+-------++-------
Melee: Unarmed           |     6 |       ||     6
       Short sword       |    12 |    14 ||    26
 Cast: Magic Dart        |    49 |    70 ||   119
       Searing Ray       |     2 |     8 ||    10
  Use: Potion            |     1 |       ||     1
 Stab: Sleeping          |     3 |       ||     3
  Eat: Chunk             |     2 |     5 ||     7
Armor: Robe              |    13 |     3 ||    16
Dodge: Dodged            |    25 |    19 ||    44
